 Dungeon Crawl Stone Soup version 0.22-a0-136-g83a10e5 (webtiles) character file.

7119 Amnesiac the Destroyer (level 10, -14/59 HPs)
             Began as a Deep Elf Ice Elementalist on Feb 2, 2018.
             Was a High Priest of Sif Muna.
             Demolished by a stone giant (44 damage)
             ... on level 9 of the Dungeon.
             The game lasted 00:30:35 (10802 turns).

Amnesiac the Destroyer (Deep Elf Ice Elementalist) Turns: 10802, Time: 00:30:36

Health: -14/59     AC:  9    Str:  5    XL:     10   Next: 85%
Magic:  0/25       EV: 19    Int: 24    God:    Sif Muna [*****.]
Gold:   662        SH:  0    Dex: 15    Spells: 10/27 levels left

rFire    . . .     SeeInvis .   C - +1 hunting sling (flame)
rCold    . . .     Gourm    .   (no shield)
rNeg     . . .     Faith    .   a - +2 robe {Archmagi}
rPois    .         Spirit   +   A - +0 helmet
rElec    .         Reflect  .   l - +1 cloak {MR+}
rCorr    .         Harm     .   H - +0 pair of gloves
MR       ++...                  q - +0 pair of boots
Stlth    ++........             J - amulet of guardian spirit
HPRegen  0.19/turn              r - +4 ring of evasion
MPRegen  0.19/turn              (no ring)

@: no casting
A: no striking features
a: Stop Divine Energy, Channel Magic, Forget Spell, Renounce Religion


You were on level 9 of the Dungeon.
You worshipped Sif Muna.
Sif Muna was extremely pleased with you.
You were not hungry.

You visited 3 branches of the dungeon, and saw 11 of its levels.
You also visited: Sewer.

You collected 662 gold pieces.

Inventory:

Hand Weapons
 v - a +2 blowgun
 C - a +1 hunting sling of flaming (weapon)
Missiles
 i - 36 poisoned needles
 y - 169 sling bullets (quivered)
Armour
 a - a +2 robe of the Archmagi (worn)
 l - a +1 cloak of magic resistance (worn)
 n - a scarf of spirit shield
 q - a +0 pair of boots (worn)
 A - a +0 helmet (worn)
 H - a +0 pair of gloves (worn)
 K - a +0 robe of fire resistance
Jewellery
 r - a +4 ring of evasion (left hand)
 J - an amulet of guardian spirit (around neck)
Wands
 g - a wand of random effects (26)
 s - a wand of disintegration (18)
 w - a wand of polymorph (16)
 F - a wand of digging (15)
Scrolls
 e - 6 scrolls of teleportation {!r}
 j - 4 scrolls of amnesia {!r}
 k - 4 scrolls of magic mapping {!r}
 o - a scroll of blinking {!r}
 t - a scroll of vulnerability {!r}
 B - 2 scrolls of holy word {!r}
 E - a scroll of enchant weapon {!r}
 I - 3 scrolls of silence {!r}
 N - a scroll of torment {!r}
 O - a scroll of identify {!r}
Potions
 f - a potion of resistance {!q}
 m - 7 potions of brilliance {!q}
 p - 2 potions of berserk rage {!q}
 u - 2 potions of heal wounds {!q}
 x - 2 potions of magic {!q}
 z - 2 potions of haste {!q}
 D - a potion of cancellation {!q}
 G - 3 potions of might {!q}
 L - 7 potions of curing {!q}
Books
 b - a book of Frost

   Spells                             Type                      Level
   a - Freeze                         Ice                          1
   b - Throw Frost                    Conjuration/Ice              2
   c - Ozocubu's Armour               Charms/Ice                   3
   d - Throw Icicle                   Conjuration/Ice              4
   e - Summon Ice Beast               Ice/Summoning                4
 M - a book of Ice

   Spells                             Type                      Level
   a - Ice Form                       Ice/Transmutation            4
   b - Metabolic Englaciation         Hexes/Ice                    5
   c - Ozocubu's Refrigeration        Ice                          6
   d - Bolt of Cold                   Conjuration/Ice              6
   e - Freezing Cloud                 Conjuration/Ice/Air          6
   f - Simulacrum                     Ice/Necromancy               6
Comestibles
 c - 17 rations


   Skills:
 * Level 5.2 Fighting
 + Level 5.3 Dodging
 - Level 2.4 Stealth
 + Level 9.1 Spellcasting
 * Level 10.6 Conjurations
 * Level 10.6 Ice Magic


You had 10 spell levels left.
You knew the following spells:

 Your Spells              Type           Power        Failure   Level  Hunger
a - Throw Icicle          Conj/Ice       #######.     1%          4    ##.....
b - Ozocubu's Armour      Chrm/Ice       ######..     1%          3    None
c - Summon Ice Beast      Ice/Summ       ######..     6%          4    ##.....
d - Bolt of Cold          Conj/Ice       #######...   11%         6    ######.


Dungeon Overview and Level Annotations

Branches:
Dungeon (9/15)             Temple (1/1) D:5            Lair (0/6) D:9
    Orc (1/2) D:9

Altars:
Ashenzari
Cheibriados
Dithmenos
Elyvilon
Fedhas
Gozag
Hepliaklqana
Kikubaaqudgha
Makhleb
Nemelex Xobeh
Okawaru
Qazlal
Ru
Sif Muna
Trog
Uskayaw
Vehumet
Wu Jian
Xom
Yredelemnul
Zin
The Shining One

Shops:
D:6 :


Message History

You eat one of the 18 rations.
That ration really hit the spot!
There is an open door here.
(D) Dungeon (T) Temple (L) Lair (O) Orcish Mines
Where to? (Enter - Orc:1, ? - help)
What level of the Orcish Mines? (default 1, ? - help)
You see here a ring mail.
There is an open door here.
There is an open door here.
The stone giant shouts!
There is an open door here.
Casting: Throw Icicle (safe; 1% risk of failure)
Confirm with . or Enter, or press ? or * to list all spells.
Aiming: Throw Icicle (safe; 1% risk of failure)
Press: ? - help, Shift-Dir - straight line, f/p - stone giant
Aim: a stone giant You feel a surge of power!
The shard of ice hits the stone giant.
The stone giant is lightly wounded.
Unknown command.
Casting: Throw Icicle (safe; 1% risk of failure)
Confirm with . or Enter, or press ? or * to list all spells.
You feel a surge of power! A chill wind blows around you.
Casting: Summon Ice Beast (safe; 6% risk of failure)
Confirm with . or Enter, or press ? or * to list all spells.
You feel a surge of power! A chill wind blows around you.
Casting: Summon Ice Beast (safe; 6% risk of failure)
Confirm with . or Enter, or press ? or * to list all spells.
Aiming: Throw Icicle (safe; 1% risk of failure)
Press: ? - help, Shift-Dir - straight line, f/p - stone giant
Aim: a stone giant You feel a surge of power!
The shard of ice hits the stone giant.
The stone giant is moderately wounded.
The stone giant hits you!!
Ouch! That really hurt!
* * * LOW HITPOINT WARNING * * *
Your ice beast freezes the stone giant!!
Your ice beast freezes the stone giant!
The stone giant closely misses something.
Casting: Throw Icicle (safe; 1% risk of failure)
Confirm with . or Enter, or press ? or * to list all spells.
Aiming: Throw Icicle (safe; 1% risk of failure)
Press: ? - help, Shift-Dir - straight line, f/p - stone giant
Aim: a stone giant (severely wounded)
You feel a surge of power!
The shard of ice hits the stone giant.
The stone giant is severely wounded.
Unknown command.
Casting: Throw Icicle (safe; 1% risk of failure)
Confirm with . or Enter, or press ? or * to list all spells.
Aiming: Throw Icicle (safe; 1% risk of failure)
Press: ? - help, Shift-Dir - straight line, f/p - stone giant
Aim: a stone giant (severely wounded)
You feel a surge of power!
Really fire in your ice beast's direction?
Okay, then.
Casting: Throw Icicle (safe; 1% risk of failure)
Confirm with . or Enter, or press ? or * to list all spells.
Aiming: Throw Icicle (safe; 1% risk of failure)
Press: ? - help, Shift-Dir - straight line, f/p - stone giant
Aim: a stone giant (severely wounded)
You feel a surge of power!
The shard of ice hits the stone giant.
The stone giant is almost dead.
Sif Muna grants you divine energy.
You briefly lose access to your magic!
The stone giant hits you!!!
Ouch! That really hurt!
You die...

#......[.# #.......
#........# #.......
#........# #....<..
#........# #.......
#........# #.......
#........# #.......
#........# ########
###'###### #
#..@C#### #
####.Y.Y# #
######'## #
#....Y..# #
#.......# ##
#.......# #####.
#.......######.....
#.......'......###.
#.......####.### #.


You could see a stone giant and 2 friendly ice beasts.

Vanquished Creatures
  2 dancing weapons (D:6)
  The ghost of Xenophilius the Grappler, a novice TrFi of Cheibriados (D:8)
  Joseph (D:8)
  A troll (D:9)
  A hornet (D:7)
  Sigmund (D:2)
  A spriggan (D:8)
  Duvessa (D:5)
  2 sky beasts
  3 porcupines (D:9)
  A black bear (D:9)
  3 orc warriors
  A phantom (D:6)
  4 ogres
  2 centaurs
  Blork the orc (D:6)
  2 big kobolds
  3 bullfrogs
  Dowan (D:5)
  4 scorpions
  2 wights (D:9)
  5 howler monkeys
  The ghost of kuniqs the Caller, a weakling DESu (D:4)
  3 jellies
  A quasit (D:9)
  A bullfrog zombie (D:9)
  A centaur zombie (D:5)
  5 crimson imps
  7 orc priests
  Crazy Yiuf (D:4)
  3 hounds
  3 bullfrog skeletons
  4 orc wizards
  A centaur skeleton (D:5)
  Terence (D:3)
  4 iguanas
  8 worker ants
  A killer bee zombie (D:6)
  2 hound skeletons
  A howler monkey zombie (D:5)
  Robin (D:3)
  A worker ant zombie (D:6)
  9 adders
  A howler monkey skeleton (D:6)
  5 river rats (Sewer)
  5 shadow imps
  3 oozes
  An adder skeleton (D:8)
  3 worms (D:2)
  2 dart slugs
  9 leopard geckos
  40 orcs
  8 bats
  8 giant cockroaches
  14 goblins
  11 hobgoblins
  7 jackals
  4 quokkas
  10 ball pythons
  8 frilled lizards
  2 goblin skeletons (D:5)
  2 goblin zombies (D:5)
  3 hobgoblin zombies (D:5)
  A jackal skeleton (D:7)
  A jackal zombie (D:6)
  24 kobolds
  A kobold zombie (D:5)
  2 orc skeletons (D:5)
  An orc zombie (D:5)
  A quokka skeleton (D:5)
  A quokka zombie (D:5)
  25 rats
305 creatures vanquished.

Vanquished Creatures (collateral kills)
  An orc warrior (Orc:1)
  An ogre (D:5)
  A phantom (D:5)
  A jelly (D:5)
  An orc priest (Orc:1)
  2 orcs
  A giant cockroach (D:5)
  A ball python (D:5)
9 creatures vanquished.

Vanquished Creatures (others)
  A plant (D:9)
1 creature vanquished.

Grand Total: 315 creatures vanquished

Notes
Turn   | Place    | Note
-------+----------+-------------------------------------------
     0 | D:1      | Amnesiac the Deep Elf Ice Elementalist began the quest for the Orb.
     0 | D:1      | Reached XP level 1. HP: 10/10 MP: 6/6
    41 | D:1      | Reached skill level 1 in Fighting
   159 | D:1      | Reached XP level 2. HP: 15/16 MP: 5/8
  1370 | D:2      | Found a shimmering altar of Xom.
  1377 | D:2      | Reached XP level 3. HP: 22/22 MP: 5/9
  1382 | D:2      | Learned a level 3 spell: Ozocubu's Armour
  1714 | D:2      | Noticed Sigmund
  1840 | D:2      | Killed Sigmund
  1840 | D:2      | Reached XP level 4. HP: 17/28 MP: 5/10
  1840 | D:2      | Reached XP level 5. HP: 19/32 MP: 5/11
  1994 | D:3      | Noticed Terence
  1994 | D:3      | Noticed Robin
  2340 | D:3      | Killed Terence
  2340 | D:3      | Reached XP level 6. HP: 38/38 MP: 8/12
  2346 | D:3      | Learned a level 4 spell: Summon Ice Beast
  2760 | D:3      | Killed Robin
  3177 | D:4      | Reached XP level 7. HP: 44/44 MP: 11/13
  3182 | D:4      | Reached skill level 5 in Ice Magic
  3249 | D:4      | Noticed kuniqs's ghost (weakling DESu)
  3257 | D:4      | Killed kuniqs's ghost
  3330 | D:4      | Reached skill level 5 in Dodging
  3332 | D:4      | Reached skill level 5 in Fighting
  3445 | D:4      | Found a runed door.
  3715 | D:4      | Noticed Crazy Yiuf
  3720 | D:4      | Killed Crazy Yiuf
  3789 | D:5      | Entered Level 5 of the Dungeon
  3839 | D:5      | Found a staircase to the Ecumenical Temple.
  3847 | Temple   | Entered the Ecumenical Temple
  3867 | Temple   | Became a worshipper of Sif Muna the Loreminder
  3873 | Temple   | Learned a level 4 spell: Throw Icicle
  4085 | D:5      | Reached XP level 8. HP: 16/49 MP: 2/16
  4128 | D:5      | Reached * piety under Sif Muna
  4260 | D:5      | Found a glowing drain.
  4277 | Sewer    | Entered a sewer
  4916 | D:5      | Found a glowing golden altar of the Shining One.
  4930 | D:5      | Reached ** piety under Sif Muna
  4930 | D:5      | Reached skill level 5 in Spellcasting
  5027 | D:5      | Reached skill level 5 in Conjurations
  5277 | D:5      | Noticed Dowan
  5281 | D:5      | Noticed Duvessa
  5290 | D:5      | Killed Duvessa
  5291 | D:5      | Killed Dowan
  6010 | D:6      | Found Kumin's Book Emporium.
  6029 | D:6      | Noticed a dagger
  6030 | D:6      | Noticed an enchanted hand axe
  6033 | D:6      | Found a hide-covered altar of Uskayaw.
  6097 | D:6      | Reached XP level 9. HP: 54/54 MP: 0/19
  6104 | D:6      | Noticed Blork the orc
  6135 | D:6      | Reached *** piety under Sif Muna
  6240 | D:6      | Killed Blork the orc
  6736 | D:6      | Found an ornate altar of the Wu Jian Council.
  6864 | D:6      | Found a sparkling altar of Nemelex Xobeh.
  6954 | D:6      | Killed an enchanted hand axe
  6969 | D:6      | Killed a dagger
  6969 | D:6      | Reached **** piety under Sif Muna
  7338 | D:7      | Reached XP level 10. HP: 59/59 MP: 16/23
  7466 | D:7      | Found an ancient bone altar of Kikubaaqudgha.
  8244 | D:8      | Noticed Joseph
  8251 | D:8      | Noticed Xenophilius's ghost (novice TrFi)
  8269 | D:8      | Killed Joseph
  9030 | D:8      | Killed Xenophilius's ghost
  9348 | D:8      | Reached skill level 10 in Conjurations
  9348 | D:8      | Reached skill level 10 in Ice Magic
  9743 | D:8      | Found a sacrificial altar of Ru.
 10001 | D:9      | Found a staircase to the Lair.
 10021 | D:9      | Reached ***** piety under Sif Muna
 10021 | D:9      | Received a gift from Sif Muna
 10031 | D:9      | Learned a level 6 spell: Bolt of Cold
 10354 | D:9      | Found a staircase to the Orcish Mines.
 10625 | Orc:1    | Entered Level 1 of the Orcish Mines
 10638 | Orc:1    | Noticed a stone giant
 10802 | D:9      | Demolished by a stone giant

Vault maps used:
D:1:      minmay_arrival_arboretum_small, minmay_stone_trees_small,
          serial_bayou_crossing
D:2:      xom_teletrap_fun, first_ration, uniq_sigmund
D:3:      minivault_19, minmay_cupped, uniq_terence, uniq_robin
D:4:      uniq_crazy_yiuf_cottage
D:5:      cheibrodos_barr_body, minmay_temple_entry_glassed_door,
          gup_sewer_entry_pipe, kennysheep_small_spiral,
          nicolae_tso_besieged_by_evil, uniq_duvessa
D:6:      nemelex_altar_shiori, lemuel_crystal_altar, dancing_weapons_uskayaw,
          serial_shops, shop, uniq_blork_the_orc
D:7:      kiku_gazebo_garden_becter
D:8:      nicolae_ru_path_of_blood, grunt_pizzeria, uniq_joseph
D:9:      grunt_lair_entry_orc_guard_hut, orc_0_dummy
Temple:   lightli_temple_of_artemis
Orc:1:    serial_shops, shop, lightli_orcish_oven
Sewer:    sewer_minmay_treatment

Skill      XL: |  1  2  3  4  5  6  7  8  9 10 |
---------------+-------------------------------+-----
Fighting       | 1 2 3 4 5 |  5.2
Dodging        | 3 4 5 |  5.3
Ice Magic      | 4 5 6 8 10 | 10.6
Conjurations   | 3 6 8 10 | 10.6
Spellcasting   | 4 5 7 9 |  9.1
Stealth        | |  2.4

Action                   |  1- 3 |  4- 6 |  7- 9 | 10-12 || total
-------------------------+-------+-------+-------+-------++-------
Melee: Unarmed           |       |    12 |     9 |       ||    21
       Quarterstaff      |       |       |   153 |    11 ||   164
 Fire: Hunting sling     |       |       |       |    43 ||    43
 Cast: Freeze            |    62 |   110 |   134 |       ||   306
       Summon Ice Beast  |       |       |     5 |     7 ||    12
       Throw Icicle      |       |       |    89 |    87 ||   176
       Ozocubu's Armour  |       |       |     1 |     5 ||     6
Invok: Divine Energy     |       |       |     1 |       ||     1
Evoke: Wand              |     2 |     3 |     2 |       ||     7
  Use: Scroll            |       |       |    26 |     9 ||    35
       Potion            |       |       |     2 |     3 ||     5
 Stab: Distracted        |       |       |     2 |       ||     2
       Sleeping          |       |       |     1 |       ||     1
  Eat: Chunk             |     3 |     4 |    25 |    13 ||    45
       Ration            |       |       |       |     2 ||     2
Armor: Robe              |     7 |    13 |    52 |     9 ||    81
       Ring mail         |       |       |    11 |       ||    11
       Skin              |       |       |    35 |       ||    35
Dodge: Dodged            |    40 |   103 |   356 |    39 ||   538

Table legend:
 A = Spawn XP
 B = Non-spawn XP
 C = Spawn XP percentage of total XP
 D = Spawn monster count
 E = Non-spawn monster count
 F = Spawn count percentage of total count
 G = Total turns spent on level
                    A         B        C        D         E        F      G
               +---------+---------+-------+---------+---------+-------+---------
         Total |       0 |   10170 |   0.0 |       0 |     314 |   0.0 | 10802
               +---------+---------+-------+---------+---------+-------+---------
           D:1 |       0 |      23 |   0.0 |       0 |      13 |   0.0 |   989
           D:2 |       0 |     320 |   0.0 |       0 |      33 |   0.0 |  1269
           D:3 |       0 |     243 |   0.0 |       0 |      45 |   0.0 |   854
           D:4 |       0 |     503 |   0.0 |       0 |      15 |   0.0 |   876
           D:5 |       0 |    1214 |   0.0 |       0 |      63 |   0.0 |  1927
           D:6 |       0 |    2924 |   0.0 |       0 |      34 |   0.0 |  1004
           D:7 |       0 |     903 |   0.0 |       0 |      23 |   0.0 |  1084
           D:8 |       0 |    1666 |   0.0 |       0 |      11 |   0.0 |  1161
           D:9 |       0 |    2040 |   0.0 |       0 |      26 |   0.0 |   963
         Orc:1 |       0 |      91 |   0.0 |       0 |       3 |   0.0 |    34
         Sewer |       0 |     243 |   0.0 |       0 |      48 |   0.0 |   595
               +---------+---------+-------+---------+---------+-------+---------
